BSA
SPRINGFIELD STARS @ ST CHARLES SHEENS
05/12/2024
 
TOP OF THE 1ST
Springfield Stars batting - Pitching for St Charles Sheens : RHP Joe O'Sullivan
Pitching: RHP Joe O'Sullivan
Batting: RHB José Pinto 0-0: Ball
1-0: Called Strike
1-1: Fly out, F4 (Popup, 3DF)
Batting: LHB César Valentín 0-0: Ball
1-0: Ball
2-0: Called Strike
2-1: SINGLE (Groundball, 5S) (infield hit)
Batting: LHB Felipe Guerrero 0-0: Ball
1-0: Foul Ball, location: 2F
1-1: Foul Ball, location: 2F
1-2: Grounds out, U3 (Groundball, 3L)
Batting: LHB Derek Davidson 0-0: Called Strike
0-1: Swinging Strike
0-2: Foul Ball, location: 2F
0-2: Ball
1-2: Strikes out swinging
Top of the 1st over - 0 run(s), 1 hit(s), 0 error(s), 1 left on base; Springfield 0 - St Charles 0
BOTTOM OF THE 1ST
St Charles Sheens batting - Pitching for Springfield Stars : RHP José López
Pitching: RHP José López
Batting: LHB Marcos Cantú 0-0: Called Strike
0-1: Ball
1-1: Ball
2-1: Swinging Strike
2-2: Ground out 6-3 (Groundball, 6)
Batting: LHB Jeff Carter 0-0: Ground out 4-3 (Groundball, 4M)
Batting: RHB Judson Backstrom 0-0: Ball
1-0: Ball
2-0: Fly out, F8 (Flyball, 8RM)
Bottom of the 1st over - 0 run(s), 0 hit(s), 0 error(s), 0 left on base; Springfield 0 - St Charles 0
TOP OF THE 2ND
Springfield Stars batting - Pitching for St Charles Sheens : RHP Joe O'Sullivan
Batting: LHB Ryan Drake 0-0: Ball
1-0: Called Strike
1-1: Foul Ball, location: 2F
1-2: Strikes out swinging
Batting: RHB Miguel Salinas 0-0: Ground out 6-3 (Groundball, 6M)
Batting: RHB Miguel Monteagudo 0-0: Ball
1-0: Called Strike
1-1: Ball
2-1: Ball
3-1: Base on Balls
Batting: LHB Eduardo Alomar 0-0: Called Strike
0-1: Ball
1-1: Fly out, F7 (Flyball, 7D)
Top of the 2nd over - 0 run(s), 0 hit(s), 0 error(s), 1 left on base; Springfield 0 - St Charles 0
BOTTOM OF THE 2ND
St Charles Sheens batting - Pitching for Springfield Stars : RHP José López
Batting: LHB Bob Ware 0-0: Ball
1-0: Foul Ball, location: 2F
1-1: Ball
2-1: Foul Ball, location: 2F
2-2: Strikes out swinging
Batting: RHB Guo-xiu Choi 0-0: Called Strike
0-1: Foul Ball, location: 2F
0-2: Foul Ball, location: 2F
0-2: Ball
1-2: Ball
2-2: Strikes out swinging
Batting: LHB Gene Cooper 0-0: Ball
1-0: Foul Ball, location: 2F
1-1: Swinging Strike
1-2: Foul Ball, location: 2F
1-2: Strikes out swinging
Bottom of the 2nd over - 0 run(s), 0 hit(s), 0 error(s), 0 left on base; Springfield 0 - St Charles 0
TOP OF THE 3RD
Springfield Stars batting - Pitching for St Charles Sheens : RHP Joe O'Sullivan
Batting: LHB Jesús Tobías 0-0: Called Strike
0-1: Ball
1-1: Called Strike
1-2: Ball
2-2: Foul Ball, location: 2F
2-2: Ball
3-2: Reached on error, E4 (Groundball, 4)
Batting: RHB José Pinto 0-0: Ball
1-0: Ball
Jesús Tobías is caught stealing 2nd base
2-0: Foul Ball, location: 2F
2-1: Foul Ball, location: 2F
2-2: Foul Ball, location: 2F
2-2: Strikes out swinging
Batting: LHB César Valentín 0-0: Ball
1-0: Ball
2-0: Called Strike
2-1: Fly out, F5 (Popup, 5SF)
Top of the 3rd over - 0 run(s), 0 hit(s), 1 error(s), 0 left on base; Springfield 0 - St Charles 0
BOTTOM OF THE 3RD
St Charles Sheens batting - Pitching for Springfield Stars : RHP José López
Batting: RHB Max Rash 0-0: Swinging Strike
0-1: Ball
1-1: Ball
2-1: Ball
3-1: Called Strike
3-2: Strikes out swinging
Batting: RHB Xavier Feliciano 0-0: Fly out, F8 (Flyball, 89XD)
Batting: RHB Kel Pierce 0-0: Bunted foul
0-1: Ground out 4-3 (Groundball, 4M)
Bottom of the 3rd over - 0 run(s), 0 hit(s), 0 error(s), 0 left on base; Springfield 0 - St Charles 0
TOP OF THE 4TH
Springfield Stars batting - Pitching for St Charles Sheens : RHP Joe O'Sullivan
Batting: LHB Felipe Guerrero 0-0: Ball
1-0: Ball
2-0: Called Strike
2-1: Ball
3-1: Foul Ball, location: 2F
3-2: Strikes out swinging
Batting: LHB Derek Davidson 0-0: Called Strike
0-1: Foul Ball, location: 2F
0-2: Ball
1-2: Ball
2-2: Ball
3-2: SINGLE (Line Drive, 4MD)
Batting: LHB Ryan Drake 0-0: Foul Ball, location: 2F
0-1: Ball
1-1: Ball
2-1: Grounds into double play, 2-6-3 (Groundball, 2R)
Top of the 4th over - 0 run(s), 1 hit(s), 0 error(s), 0 left on base; Springfield 0 - St Charles 0
BOTTOM OF THE 4TH
St Charles Sheens batting - Pitching for Springfield Stars : RHP José López
Batting: LHB Marcos Cantú 0-0: Called Strike
0-1: Foul Ball, location: 2F
0-2: Ball
1-2: DOUBLE (Line Drive, 78XD)
Batting: LHB Jeff Carter 0-0: Called Strike
Marcos Cantú is caught stealing 3rd base
0-1: Foul Ball, location: 2F
0-2: Ball
1-2: Ball
2-2: Foul Ball, location: 2F
2-2: Fly out, F9 (Flyball, 9LM)
Batting: RHB Judson Backstrom 0-0: Ball
1-0: SOLO HOME RUN (Flyball, 78D), Distance : 420 ft
Batting: LHB Bob Ware 0-0: Called Strike
0-1: Ball
1-1: Swinging Strike
1-2: SOLO HOME RUN (Flyball, 9D), Distance : 403 ft
Batting: RHB Guo-xiu Choi 0-0: Ball
1-0: Called Strike
1-1: Foul Ball, location: 2F
1-2: Foul Ball, location: 2F
1-2: Foul Ball, location: 2F
1-2: Ball
2-2: Ball
3-2: Foul Ball, location: 2F
3-2: Ground out 4-3 (Groundball, 4)
Bottom of the 4th over - 2 run(s), 3 hit(s), 0 error(s), 0 left on base; Springfield 0 - St Charles 2
TOP OF THE 5TH
Springfield Stars batting - Pitching for St Charles Sheens : RHP Joe O'Sullivan
Batting: RHB Miguel Salinas 0-0: Ball
1-0: Swinging Strike
1-1: Ball
2-1: Foul Ball, location: 2F
2-2: Ground out 6-3 (Groundball, 6)
Batting: RHB Miguel Monteagudo 0-0: Ball
1-0: SINGLE (Line Drive, 8LS)
Batting: LHB Eduardo Alomar 0-0: Ball
Miguel Monteagudo is caught stealing 2nd base
1-0: Swinging Strike
1-1: Ball
2-1: SOLO HOME RUN (Flyball, 89XD), Distance : 421 ft
Batting: LHB Jesús Tobías 0-0: Swinging Strike
0-1: Ball
1-1: Foul Ball, location: 2F
1-2: Ball
2-2: Ball
3-2: SINGLE (Groundball, 34) (infield hit)
Batting: RHB José Pinto 0-0: Ball
1-0: Ball
2-0: Called Strike
2-1: Ground out U3 (Groundball, 3S)
Top of the 5th over - 1 run(s), 3 hit(s), 0 error(s), 1 left on base; Springfield 1 - St Charles 2
BOTTOM OF THE 5TH
St Charles Sheens batting - Pitching for Springfield Stars : RHP José López
Batting: LHB Gene Cooper 0-0: Called Strike
0-1: SINGLE (Flyball, 8LS)
Batting: RHB Max Rash 0-0: Ball
1-0: Grounds into double play, 6-4-3 (Groundball, 6)
Batting: RHB Xavier Feliciano 0-0: Ball
1-0: Fly out, F5 (Line Drive, 5)
Bottom of the 5th over - 0 run(s), 1 hit(s), 0 error(s), 0 left on base; Springfield 1 - St Charles 2
TOP OF THE 6TH
Springfield Stars batting - Pitching for St Charles Sheens : RHP Joe O'Sullivan
Batting: LHB César Valentín 0-0: Foul Ball, location: 2F
0-1: Ball
1-1: Ball
2-1: DOUBLE (Line Drive, 7LS)
Batting: LHB Felipe Guerrero 0-0: Foul Ball, location: 2F
0-1: Ball
1-1: Fly out, F9 (Flyball, 9D)
Runner from 2nd tags up, SAFE at 3rd, no throw
Batting: LHB Derek Davidson 0-0: Ball
Wild Pitch!
César Valentín scores
1-0: Called Strike
1-1: Foul Ball, location: 2F
1-2: DOUBLE (Line Drive, 89M)
Batting: LHB Ryan Drake 0-0: Ball
1-0: Ground out 6-3 (Groundball, 6M)
Derek Davidson to third
Batting: RHB Miguel Salinas 0-0: Called Strike
0-1: Foul Ball, location: 2F
0-2: Ball
1-2: Ball
2-2: Strikes out swinging
Top of the 6th over - 1 run(s), 2 hit(s), 0 error(s), 1 left on base; Springfield 2 - St Charles 2
BOTTOM OF THE 6TH
St Charles Sheens batting - Pitching for Springfield Stars : RHP José López
Batting: RHB Kel Pierce 0-0: Called Strike
0-1: Ball
1-1: SINGLE (Flyball, 6MD)
Batting: LHB Marcos Cantú 0-0: Called Strike
Kel Pierce steals 2nd base
0-1: Foul Ball, location: 2F
0-2: Fly out, F7 (Flyball, 78D)
Batting: LHB Jeff Carter 0-0: Ball
1-0: Foul Ball, location: 2F
1-1: Called Strike
1-2: Ball
2-2: Foul Ball, location: 2F
2-2: Ball
3-2: Base on Balls
Batting: RHB Judson Backstrom 0-0: Ball
1-0: Ball
2-0: Ball
3-0: Called Strike
3-1: Fly out, F9 (Flyball, 89S)
Batting: LHB Bob Ware 0-0: Ball
1-0: Ground out 4-3 (Groundball, 4)
Bottom of the 6th over - 0 run(s), 1 hit(s), 0 error(s), 2 left on base; Springfield 2 - St Charles 2
TOP OF THE 7TH
Springfield Stars batting - Pitching for St Charles Sheens : RHP Joe O'Sullivan
Pitching: RHP Ulric Duval
Batting: RHB Miguel Monteagudo 0-0: Ball
1-0: Called Strike
1-1: Ball
2-1: Ball
3-1: Ground out 6-3 (Groundball, 6)
Pitching: LHP Rubén Martínez
Pinch Hitting: SHB David García 0-0: Ball
1-0: Ball
2-0: Ground out 5-3 (Groundball, 56)
Pitching: LHP Francisco Moreno
Batting: LHB Jesús Tobías 0-0: Ball
1-0: Foul Ball, location: 2F
1-1: Foul Ball, location: 2F
1-2: Strikes out swinging
Top of the 7th over - 0 run(s), 0 hit(s), 0 error(s), 0 left on base; Springfield 2 - St Charles 2
BOTTOM OF THE 7TH
St Charles Sheens batting - Pitching for Springfield Stars : RHP José López
Now in CF: David García
Batting: RHB Guo-xiu Choi 0-0: Ball
1-0: Ball
2-0: Called Strike
2-1: Swinging Strike
2-2: Ball
3-2: SINGLE (Groundball, 4M)
Pitching: RHP Ramón Vélez
Batting: LHB Gene Cooper 0-0: Ball
1-0: Foul Ball, location: 2F
1-1: Called Strike
1-2: Fly out, F4 (Popup, 4)
Pinch Hitting: RHB Alfredo Rivera 0-0: Ball
1-0: Ball
2-0: Called Strike
Guo-xiu Choi is caught stealing 2nd base
2-1: Ball
3-1: Fly out, F7 (Flyball, 7D)
Bottom of the 7th over - 0 run(s), 1 hit(s), 0 error(s), 0 left on base; Springfield 2 - St Charles 2
TOP OF THE 8TH
Springfield Stars batting - Pitching for St Charles Sheens : LHP Francisco Moreno
Now at 1B: Alfredo Rivera
Batting: RHB José Pinto 0-0: Called Strike
0-1: Ball
1-1: Foul Ball, location: 2F
1-2: Strikes out looking
Pinch Hitting: RHB Calvin Bennett 0-0: Called Strike
0-1: Ground out U3 (Groundball, 3S)
Batting: LHB Felipe Guerrero 0-0: Fly out, F7 (Flyball, 78M)
Top of the 8th over - 0 run(s), 0 hit(s), 0 error(s), 0 left on base; Springfield 2 - St Charles 2
BOTTOM OF THE 8TH
St Charles Sheens batting - Pitching for Springfield Stars : RHP Ramón Vélez
Now in CF: Calvin Bennett
Batting: RHB Xavier Feliciano 0-0: Called Strike
0-1: Ball
1-1: Swinging Strike
1-2: Strikes out swinging
Batting: RHB Kel Pierce 0-0: Ball
1-0: Foul Ball, location: 2F
1-1: Fly out, F8 (Flyball, 8LD)
Batting: LHB Marcos Cantú 0-0: Called Strike
0-1: Called Strike
0-2: DOUBLE (Line Drive, 89M)
Batting: LHB Jeff Carter 0-0: Swinging Strike
0-1: Called Strike
0-2: Ball
1-2: Ball
2-2: Foul Ball, location: 2F
2-2: Ball
3-2: Foul Ball, location: 2F
3-2: DOUBLE (Line Drive, 9D)
Marcos Cantú scores
Batting: RHB Judson Backstrom 0-0: Ball
1-0: Called Strike
1-1: Foul Ball, location: 2F
1-2: Ball
2-2: Ball
3-2: Base on Balls
Pitching: LHP Enrique Muñóz
Batting: LHB Bob Ware 0-0: Called Strike
0-1: Ball
1-1: Called Strike
1-2: SINGLE (Groundball, 34D)
Jeff Carter to third
Judson Backstrom to second
Runner from 3rd tries for Home, SAFE, no throw or cutoff
Batting: RHB Guo-xiu Choi 0-0: Called Strike
0-1: Ball
1-1: Called Strike
1-2: Ball
2-2: Foul Ball, location: 2F
2-2: Strikes out swinging
Bottom of the 8th over - 2 run(s), 3 hit(s), 0 error(s), 2 left on base; Springfield 2 - St Charles 4
TOP OF THE 9TH
Springfield Stars batting - Pitching for St Charles Sheens : LHP Francisco Moreno
Pitching: RHP Juan Rivera
Batting: LHB Derek Davidson 0-0: DOUBLE (Groundball, 3L)
Batting: LHB Ryan Drake 0-0: Foul Ball, location: 2F
0-1: Ground out U3 (Groundball, 3)
Derek Davidson to third
Batting: RHB Miguel Salinas 0-0: Foul Ball, location: 2F
0-1: Ball
1-1: Called Strike
1-2: Ball
2-2: Ball
3-2: Foul Ball, location: 2F
3-2: Strikes out looking
Batting: RHB Miguel Monteagudo 0-0: Ball
1-0: Ball
2-0: Ground out 6-3 (Groundball, 6)
Top of the 9th over - 0 run(s), 1 hit(s), 0 error(s), 1 left on base; Springfield 2 - St Charles 4
This league is powered by Out of the Park Baseball, the baseball management simulation game for PC, Mac and Linux
Saturday, April 9th, 2016 - OOTP Baseball 16.8 Build 38